[Event "Asian Zonal 3.3 Women 2019"]
[Site "Ulaanbaatar"]
[Date "2019.04.07"]
[Round "1.11"]
[White "Yanjinlkham, Bayarsaikhan"]
[Black "Enkhnasan, Namjiljav"]
[Result "1-0"]
[ECO "A00"]
[WhiteElo "1951"]
[BlackElo "1610"]
[Annotator "NA RC"]
[PlyCount "83"]
[EventDate "2019.04.07"]
[EventType "swiss"]
[EventRounds "9"]
[EventCountry "MGL"]
[SourceTitle "playchess.com"]
[Source "ChessBase"]
[SourceQuality "1"]
[TimeControl "40/5400+30:1800+30"]

1. d4 g6 2. c4 Bg7 3. Nc3 Nf6 4. Nf3 d6 5. g3 O-O 6. Bg2 Bf5 7. O-O c6 8. Bf4 Qb6 9. Qd2 Ne4 10. Nxe4 Bxe4 11. Rad1 Bxf3 12. Bxf3 Nd7 13. b3 Rad8 14. Bg5 Nf6 15. e4 e5 16. Be3 exd4 17. Bxd4 c5 18. Bc3 Rfe8 19. Ba5 Qc6 20. Bxd8 Rxd8 21. Qd3 Qb6 22. e5 Ne8 23. Rfe1 Qc7 24. Qd5 b6 25. Qc6 Bf8 26. Qxc7 Nxc7 27. exd6 Rxd6 28. Rxd6 Bxd6 29. Rd1 Be5 30. Rd7 Kf8 31. Bc6 a5 32. Kg2 Na6 33. Bd5 f6 34. a3 Nc7 35. f4 Nxd5 36. cxd5 Bb2 37. a4 h6 38. Rb7 Bd4 39. Kf3 h5 40. f5 gxf5 41. Kf4 h4 42. gxh4 1-0

[Event "Asian Zonal 3.3 Women 2019"]
[Site "Ulaanbaatar"]
[Date "2019.04.07"]
[Round "1.12"]
[White "Margadgua, Erdenebayar"]
[Black "Doan, Thi Hong Nhung"]
[Result "0-1"]
[ECO "A00"]
[WhiteElo "1585"]
[BlackElo "1938"]
[Annotator "NA RC"]
[PlyCount "86"]
[EventDate "2019.04.07"]
[EventType "swiss"]
[EventRounds "9"]
[EventCountry "MGL"]
[SourceTitle "playchess.com"]
[Source "ChessBase"]
[SourceQuality "1"]
[TimeControl "40/5400+30:1800+30"]

1. e4 c5 2. Nf3 d6 3. d4 cxd4 4. Nxd4 Nf6 5. Nc3 g6 6. Be3 Bg7 7. f3 Nc6 8. Qd2 O-O 9. Bc4 Bd7 10. O-O-O Rc8 11. Bb3 Ne5 12. Kb1 Nc4 13. Bxc4 Rxc4 14. g4 b5 15. Ndxb5 Qb8 16. Nd4 Rfc8 17. Nce2 Ba4 18. Rc1 Nd7 19. Nb3 Ne5 20. Ned4 Bd7 21. h4 a5 22. Qxa5 Ra4 23. Qe1 Qa8 24. a3 Nc4 25. h5 g5 26. h6 Be5 27. Rh5 f6 28. Rh1 Rb8 29. Rd1 Be8 30. Rd3 Bf7 31. Qc1 Kh8 32. Qe1 Qa6 33. Qf1 Ra8 34. Bc1 Qb6 35. Nf5 R8a7 36. Nfd4 Rb7 37. Qg1 Qc7 38. Rc3 Nxa3+ 39. bxa3 Qxc3 40. Bb2 Qc8 41. Qc1 Bxd4 42. Bxd4 Rxd4 43. Ka2 Rc4 0-1

[Event "Asian Zonal 3.3 Women 2019"]
[Site "Ulaanbaatar"]
[Date "2019.04.07"]
[Round "1.13"]
[White "Mungunzul, Bat-Erdene"]
[Black "Khongorzul, Davaakhuu"]
[Result "1-0"]
[ECO "A00"]
[WhiteElo "1906"]
[BlackElo "1568"]
[Annotator "NA RC"]
[PlyCount "75"]
[EventDate "2019.04.07"]
[EventType "swiss"]
[EventRounds "9"]
[EventCountry "MGL"]
[SourceTitle "playchess.com"]
[Source "ChessBase"]
[SourceQuality "1"]
[TimeControl "40/5400+30:1800+30"]

1. d4 d5 2. c4 c6 3. Nc3 Nf6 4. Nf3 a6 5. a4 Nbd7 6. Bg5 e6 7. e3 Bb4 8. Nd2 dxc4 9. Nxc4 h6 10. Bh4 g5 11. Bg3 Ne4 12. Qb3 Nxg3 13. hxg3 Be7 14. Ne4 Qc7 15. a5 f5 16. Nc3 Rb8 17. Na4 c5 18. Be2 g4 19. Rc1 Qc6 20. O-O h5 21. dxc5 h4 22. gxh4 Rxh4 23. Rfd1 Kf8 24. Nd6 Rh6 25. Qb4 Nf6 26. Qf4 Kg7 27. Nxf5+ exf5 28. Qxb8 Ne4 29. Nc3 g3 30. fxg3 Bg5 31. Qe5+ Kh7 32. Nxe4 Qxe4 33. Qxe4 fxe4 34. Rc3 Be6 35. Rd6 Be7 36. Rb6 Rg6 37. Bc4 Bxc4 38. Rxc4 1-0

[Event "Asian Zonal 3.3 Women 2019"]
[Site "Ulaanbaatar"]
[Date "2019.04.07"]
[Round "1.14"]
[White "Urangoo, Kherlenzorig"]
[Black "Mandukhai, Myagmarsuren"]
[Result "0-1"]
[ECO "A00"]
[WhiteElo "1475"]
[BlackElo "1902"]
[Annotator "NA RC"]
[PlyCount "96"]
[EventDate "2019.04.07"]
[EventType "swiss"]
[EventRounds "9"]
[EventCountry "MGL"]
[SourceTitle "playchess.com"]
[Source "ChessBase"]
[SourceQuality "1"]
[TimeControl "40/5400+30:1800+30"]

1. e4 e5 2. Nf3 Nc6 3. d4 exd4 4. Nxd4 Nf6 5. Nxc6 bxc6 6. e5 Qe7 7. Qe2 Nd5 8. c4 Nb6 9. b3 Qe6 10. Bb2 g6 11. g3 Bg7 12. Bg2 O-O 13. O-O Ba6 14. Re1 Rfe8 15. Nd2 Rab8 16. Ne4 Qe7 17. Qf3 Nxc4 18. Bd4 Nxe5 19. Qc3 Qb4 20. Qxb4 Rxb4 21. Bc3 Rbb8 22. Nc5 Nd3 23. Rxe8+ Rxe8 24. Bxg7 Nxc5 25. Bd4 Ne6 26. Be3 c5 27. Rd1 d6 28. Bd5 Nd8 29. Bf3 Bb7 30. Be2 Ne6 31. Bc4 Nd4 32. Bxd4 cxd4 33. f4 c5 34. Kf2 Re3 35. Re1 Rxe1 36. Kxe1 Be4 37. Kd2 d5 38. Bb5 a5 39. a3 f5 40. Bd7 Kf7 41. Bc6 c4 42. b4 c3+ 43. Ke1 axb4 44. axb4 d3 45. Ba4 Bf3 46. b5 Ke7 47. b6 Kd8 48. b7 Kc7 0-1

[Event "Asian Zonal 3.3 Women 2019"]
[Site "Ulaanbaatar"]
[Date "2019.04.07"]
[Round "1.15"]
[White "Ulziikhishigjargal, Ochirkhuyag"]
[Black "Anujin, Bat-Amgalan"]
[Result "1-0"]
[ECO "A00"]
[WhiteElo "1843"]
[BlackElo "1407"]
[Annotator "NA RC"]
[PlyCount "65"]
[EventDate "2019.04.07"]
[EventType "swiss"]
[EventRounds "9"]
[EventCountry "MGL"]
[SourceTitle "playchess.com"]
[Source "ChessBase"]
[SourceQuality "1"]
[TimeControl "40/5400+30:1800+30"]

1. e4 e6 2. d4 d5 3. Nd2 Nf6 4. e5 Nfd7 5. Bd3 c5 6. c3 Nc6 7. Ne2 cxd4 8. cxd4 f6 9. exf6 Nxf6 10. O-O Bd6 11. Nf3 Qc7 12. Bg5 O-O 13. Rc1 e5 14. dxe5 Bxe5 15. Nc3 Bxc3 16. Rxc3 Bg4 17. Be2 Rad8 18. h3 Bh5 19. Re1 d4 20. Nxd4 Qa5 21. Bxh5 Nxd4 22. Bxf6 Rxf6 23. Re8+ Rxe8 24. Bxe8 Qe5 25. Re3 Qd6 26. Ba4 Qb4 27. Re4 Rd6 28. Re8+ Kf7 29. Qh5+ Rg6 30. Qd5+ Ne6 31. Qd7+ Kf6 32. Rxe6+ Kg5 33. Qd5+ 1-0

[Event "Asian Zonal 3.3 Women 2019"]
[Site "Ulaanbaatar"]
[Date "2019.04.07"]
[Round "1.16"]
[White "Unurzul, Davaakhuu"]
[Black "Tsogzolmaa, Nanjid"]
[Result "1/2-1/2"]
[ECO "A00"]
[WhiteElo "1378"]
[BlackElo "1815"]
[Annotator "NA RC"]
[PlyCount "106"]
[EventDate "2019.04.07"]
[EventType "swiss"]
[EventRounds "9"]
[EventCountry "MGL"]
[SourceTitle "playchess.com"]
[Source "ChessBase"]
[SourceQuality "1"]
[TimeControl "40/5400+30:1800+30"]

1. e4 e6 2. Nf3 d5 3. exd5 exd5 4. d4 Nf6 5. Nc3 c5 6. Bb5+ Bd7 7. Bxd7+ Nbxd7 8. O-O Be7 9. Bg5 O-O 10. dxc5 Nxc5 11. Re1 Ne6 12. Bxf6 Bxf6 13. Nxd5 Bxb2 14. Rb1 Ba3 15. Rxb7 Bc5 16. Qd3 Qa5 17. Qe4 Rad8 18. Ne7+ Bxe7 19. Rxe7 Qxa2 20. Qg4 Qb2 21. Rxa7 Nd4 22. Nxd4 Rxd4 23. Qe2 Qc3 24. Re7 Rd2 25. Qe3 Qxe3 26. R7xe3 Rxc2 27. Re8 f5 28. Rxf8+ Kxf8 29. g3 Kf7 30. Kg2 Kf6 31. Re3 Rb2 32. Kf3 g5 33. h3 h5 34. Kg2 f4 35. gxf4 gxf4 36. Ra3 Rb5 37. Ra6+ Kg5 38. Ra8 Rb4 39. Ra5+ Kh4 40. Rf5 Ra4 41. Kf3 Ra3+ 42. Kxf4 Rxh3 43. f3 Rh1 44. Re5 Rb1 45. Ke3 Re1+ 46. Kf4 Rg1 47. Re2 Kh3 48. Ke5 Rg5+ 49. Kf6 Rb5 50. Re5 Rb3 51. Rxh5+ Kg3 52. Rf5 Rxf3 53. Rxf3+ Kxf3 1/2-1/2

[Event "Asian Zonal 3.3 Women 2019"]
[Site "Ulaanbaatar"]
[Date "2019.04.07"]
[Round "1.17"]
[White "Munkhzul, Davaakhuu"]
[Black "Khanyl, Chuluuntuya"]
[Result "1-0"]
[ECO "A00"]
[WhiteElo "1793"]
[BlackElo "1375"]
[Annotator "NA RC"]
[PlyCount "41"]
[EventDate "2019.04.07"]
[EventType "swiss"]
[EventRounds "9"]
[EventCountry "MGL"]
[SourceTitle "playchess.com"]
[Source "ChessBase"]
[SourceQuality "1"]
[TimeControl "40/5400+30:1800+30"]

1. e4 e6 2. d4 d5 3. Nd2 dxe4 4. Nxe4 Nd7 5. Nf3 Ngf6 6. Bd3 Nxe4 7. Bxe4 Nf6 8. Bd3 c5 9. O-O cxd4 10. Nxd4 Bc5 11. Nb3 Bb6 12. Bg5 O-O 13. Qf3 a6 14. Rad1 Qe7 15. Qg3 Rd8 16. Nd2 Ba7 17. Ne4 Nxe4 18. Bxe4 f6 19. Bh6 Bb8 20. Rxd8+ Qxd8 21. Qxg7# 1-0

[Event "Asian Zonal 3.3 Women 2019"]
[Site "Ulaanbaatar"]
[Date "2019.04.07"]
[Round "1.18"]
[White "Lkhagvajed, Gantulga"]
[Black "Enkhsaran, Batsaikhan"]
[Result "0-1"]
[ECO "A00"]
[WhiteElo "1344"]
[BlackElo "1792"]
[Annotator "NA RC"]
[PlyCount "128"]
[EventDate "2019.04.07"]
[EventType "swiss"]
[EventRounds "9"]
[EventCountry "MGL"]
[SourceTitle "playchess.com"]
[Source "ChessBase"]
[SourceQuality "1"]
[TimeControl "40/5400+30:1800+30"]

1. d4 d5 2. Nf3 Nf6 3. Bg5 Ne4 4. Bf4 c5 5. c3 Nc6 6. e3 Bf5 7. Nbd2 e6 8. Be2 Bd6 9. Bg3 O-O 10. O-O h6 11. dxc5 Nxc5 12. Nd4 Bg6 13. Nxc6 bxc6 14. c4 Nd3 15. b3 Ba3 16. Nf3 Nb4 17. Qd2 Nc2 18. Rad1 Bb4 19. Qc1 Ba3 20. Qd2 Nb4 21. Ne5 Bc2 22. Rde1 Bh7 23. c5 Qe7 24. Qc3 a5 25. Nf3 Rfc8 26. Bd6 Qa7 27. Nd4 Na6 28. Bxa6 Qxa6 29. Rd1 Bb4 30. Qb2 a4 31. a3 Ba5 32. b4 Bd8 33. Rfe1 Bf6 34. Qe2 Qb7 35. Qg4 Qd7 36. f3 Ra7 37. e4 e5 38. Nf5 Kh8 39. Ne3 dxe4 40. fxe4 Bg5 41. Qxd7 Bxe3+ 42. Rxe3 Rxd7 43. Rb1 f6 44. b5 cxb5 45. Rxb5 Bg8 46. Kf2 Bb3 47. Rexb3 axb3 48. Rxb3 Ra7 49. Rd3 Ra6 50. Rc3 Rca8 51. Ke2 Rxa3 52. Rxa3 Rxa3 53. c6 Rc3 54. c7 Rc6 55. Kf3 Kg8 56. Kg4 Kf7 57. Kh5 Ke6 58. Ba3 Rxc7 59. Kg4 g6 60. Bf8 h5+ 61. Kf3 Rc3+ 62. Ke2 Rc2+ 63. Kf3 f5 64. exf5+ Kxf5 0-1

[Event "Asian Zonal 3.3 Women 2019"]
[Site "Ulaanbaatar"]
[Date "2019.04.07"]
[Round "1.19"]
[White "Udval, Enkhsaikhan"]
[Black "Ng, Sau Wai"]
[Result "1-0"]
[ECO "A00"]
[WhiteElo "1761"]
[BlackElo "1154"]
[Annotator "NA RC"]
[PlyCount "63"]
[EventDate "2019.04.07"]
[EventType "swiss"]
[EventRounds "9"]
[EventCountry "MGL"]
[SourceTitle "playchess.com"]
[Source "ChessBase"]
[SourceQuality "1"]
[TimeControl "40/5400+30:1800+30"]

1. d4 c5 2. d5 f5 3. c4 Nf6 4. Nc3 d6 5. g3 Nbd7 6. Nh3 h6 7. Qa4 Nh5 8. Bg2 g5 9. e4 fxe4 10. Bxe4 Bg7 11. Bg6+ Kf8 12. Bxh5 Ne5 13. Ng1 Nd3+ 14. Ke2 Bf5 15. Bf3 Ne5 16. Be4 Bxe4 17. Nxe4 Kf7 18. f4 gxf4 19. Bxf4 Ng6 20. Rf1 Kg8 21. Qb3 Qd7 22. Qd3 Re8 23. Nc3 Nf8 24. Bd2 Qg4+ 25. Qf3 Qxc4+ 26. Ke1 Bf6 27. b3 Qd4 28. Nge2 Qe5 29. Qg4+ Bg5 30. h4 h5 31. Qxg5+ Qxg5 32. Bxg5 1-0

[Event "Asian Zonal 3.3 Women 2019"]
[Site "Ulaanbaatar"]
[Date "2019.04.08"]
[Round "2.5"]
[White "Anu, Bayar"]
[Black "Vo, Thi Kim Phung"]
[Result "0-1"]
[ECO "A00"]
[WhiteElo "2146"]
[BlackElo "2349"]
[Annotator "NA RC"]
[PlyCount "50"]
[EventDate "2019.04.07"]
[EventType "swiss"]
[EventRounds "9"]
[EventCountry "MGL"]
[SourceTitle "playchess.com"]
[Source "ChessBase"]
[SourceQuality "1"]
[TimeControl "40/5400+30:1800+30"]

1. d4 d5 2. c4 c6 3. Nc3 Nf6 4. e3 g6 5. Nf3 Bg7 6. Be2 O-O 7. O-O Bg4 8. b3 c5 9. h3 cxd4 10. exd4 Bf5 11. Nxd5 Nxd5 12. cxd5 Be4 13. Bg5 Bxd5 14. Qd2 Nc6 15. Rad1 Rc8 16. Ne5 f6 17. Nxc6 Rxc6 18. Bf4 Qb6 19. Bd3 Rd8 20. Bb1 f5 21. Be5 Bxb3 22. Bxg7 Bxd1 23. Be5 Qxb1 24. d5 Qe4 25. Re1 Rxd5 0-1

[Event "Asian Zonal 3.3 Women 2019"]
[Site "Ulaanbaatar"]
[Date "2019.04.08"]
[Round "2.6"]
[White "Munkhzul, Turmunkh"]
[Black "Otgonjargal, Sengeravdan"]
[Result "1-0"]
[ECO "A00"]
[WhiteElo "2348"]
[BlackElo "2162"]
[Annotator "NA RC"]
[PlyCount "97"]
[EventDate "2019.04.07"]
[EventType "swiss"]
[EventRounds "9"]
[EventCountry "MGL"]
[SourceTitle "playchess.com"]
[Source "ChessBase"]
[SourceQuality "1"]
[TimeControl "40/5400+30:1800+30"]

1. e4 e5 2. Nf3 Nc6 3. Bb5 a6 4. Ba4 Nf6 5. O-O b5 6. Bb3 Be7 7. Re1 d6 8. c3 O-O 9. h3 Na5 10. Bc2 c5 11. d4 Qc7 12. Nbd2 cxd4 13. cxd4 Nc6 14. Nb3 a5 15. Be3 Nb4 16. Bb1 Bb7 17. a3 Na6 18. d5 a4 19. Nbd2 Nc5 20. Bxc5 dxc5 21. Nf1 c4 22. Qd2 Rad8 23. Ne3 Bc8 24. Qc3 Bd6 25. Bc2 Rfe8 26. Rad1 Qa7 27. Bb1 Bc7 28. Nc2 Ba5 29. Nb4 Qc7 30. Rd2 Qd6 31. Nh4 Nh5 32. Re3 Nf4 33. g4 Qh6 34. Ng2 Bb6 35. Nxf4 Bxe3 36. fxe3 exf4 37. exf4 Qxf4 38. Nc6 Rd6 39. e5 Rf6 40. exf6 Re1+ 41. Kg2 Qf1+ 42. Kg3 g5 43. Qf3 Qg1+ 44. Rg2 Qc5 45. Re2 Rxe2 46. Qxe2 Qg1+ 47. Kf3 Qh1+ 48. Kf2 Bd7 49. Qe5 1-0

[Event "Asian Zonal 3.3 Women 2019"]
[Site "Ulaanbaatar"]
[Date "2019.04.08"]
[Round "2.12"]
[White "Munkhzul, Davaakhuu"]
[Black "Nomindalai, Tumurbaatar"]
[Result "0-1"]
[ECO "A00"]
[WhiteElo "1793"]
[BlackElo "1958"]
[Annotator "NA RC"]
[PlyCount "78"]
[EventDate "2019.04.07"]
[EventType "swiss"]
[EventRounds "9"]
[EventCountry "MGL"]
[SourceTitle "playchess.com"]
[Source "ChessBase"]
[SourceQuality "1"]
[TimeControl "40/5400+30:1800+30"]

1. e4 d6 2. d4 Nf6 3. Nc3 e5 4. dxe5 dxe5 5. Qxd8+ Kxd8 6. Nf3 Bd6 7. Bg5 Be6 8. O-O-O Nbd7 9. Bb5 Kc8 10. Bxf6 Nxf6 11. Ng5 a6 12. Be2 b5 13. Nxe6 fxe6 14. f3 Bb4 15. a3 Bxc3 16. bxc3 Rd8 17. c4 c6 18. Kb2 Rb8 19. cxb5 axb5 20. Kb3 c5 21. c4 b4 22. Rxd8+ Kxd8 23. Rd1+ Kc7 24. a4 Ng8 25. g3 Ne7 26. f4 Nc6 27. Bd3 Rd8 28. fxe5 Nxe5 29. Be2 Rxd1 30. Bxd1 Nc6 31. Kc2 Nd4+ 32. Kd3 Kb6 33. Bh5 g6 34. Bd1 Ka5 35. g4 g5 36. e5 b3 37. Kc3 Kxa4 38. Kb2 Kb4 39. h3 Kxc4 0-1

[Event "Asian Zonal 3.3 Women 2019"]
[Site "Ulaanbaatar"]
[Date "2019.04.08"]
[Round "2.13"]
[White "Enkhsaran, Batsaikhan"]
[Black "Yanjinlkham, Bayarsaikhan"]
[Result "0-1"]
[ECO "A00"]
[WhiteElo "1792"]
[BlackElo "1951"]
[Annotator "NA RC"]
[PlyCount "185"]
[EventDate "2019.04.07"]
[EventType "swiss"]
[EventRounds "9"]
[EventCountry "MGL"]
[SourceTitle "playchess.com"]
[Source "ChessBase"]
[SourceQuality "1"]
[TimeControl "40/5400+30:1800+30"]

1. d4 d5 2. Nf3 c6 3. g3 e6 4. Bg2 f5 5. c4 Nf6 6. Nc3 Bd6 7. O-O O-O 8. Qc2 Ne4 9. Nd2 Nd7 10. f3 Nxc3 11. Qxc3 Qe7 12. e4 dxe4 13. fxe4 c5 14. Nb3 cxd4 15. Nxd4 Nc5 16. exf5 exf5 17. Bd5+ Kh8 18. Bd2 Ne4 19. Bxe4 fxe4 20. Rxf8+ Qxf8 21. Rf1 Qe7 22. b4 Bh3 23. Re1 Rf8 24. Ne2 Be5 25. Qc2 Qf6 26. Bf4 Qb6+ 27. c5 Qxb4 28. Rd1 Bxf4 29. gxf4 h6 30. Kf2 Qa3 31. Qxe4 Qxc5+ 32. Qd4 Qh5 33. Rg1 Qf7 34. Qxa7 Be6 35. Rb1 Bd5 36. Qc5 Kg8 37. Rb4 Bxa2 38. Nc3 Be6 39. Qe5 Qf6 40. Qxf6 Rxf6 41. Ke3 Rf7 42. Rb6 Bh3 43. Ne4 Bg2 44. Nd6 Re7+ 45. Kd4 Bc6 46. f5 Re2 47. Nxb7 Bxb7 48. Rxb7 Rxh2 49. Ke3 Rh4 50. Kf3 Ra4 51. Kg3 h5 52. Rc7 Rg4+ 53. Kf3 Ra4 54. Kg3 Kf8 55. Rb7 Re4 56. Kf3 Ra4 57. Kg3 h4+ 58. Kh3 Rf4 59. Ra7 Kg8 60. Rb7 Kf8 61. Ra7 Rb4 62. Rc7 Rd4 63. Rb7 Rf4 64. Rc7 Kg8 65. Rb7 Rd4 66. Ra7 Rf4 67. Rb7 Kh7 68. f6 Rxf6 69. Kxh4 Kh6 70. Kg4 Rc6 71. Rb4 Rc1 72. Rd4 Rg1+ 73. Kf3 Kh5 74. Rd2 Kg5 75. Rd5+ Kh4 76. Rd4+ Kh3 77. Rd7 Rg6 78. Rf7 Rg3+ 79. Kf2 Rg5 80. Kf3 Rg6 81. Rf8 Rg3+ 82. Kf2 Rb3 83. Rg8 Rb7 84. Kf3 Rf7+ 85. Ke2 Kg4 86. Rh8 Rf5 87. Rh1 g5 88. Rh8 Kg3 89. Rh7 g4 90. Rg7 Kh3 91. Rh7+ Kg2 92. Rg7 g3 93. Rg8 0-1

[Event "Asian Zonal 3.3 Women 2019"]
[Site "Ulaanbaatar"]
[Date "2019.04.08"]
[Round "2.14"]
[White "Doan, Thi Hong Nhung"]
[Black "Udval, Enkhsaikhan"]
[Result "1-0"]
[ECO "A00"]
[WhiteElo "1938"]
[BlackElo "1761"]
[Annotator "NA RC"]
[PlyCount "127"]
[EventDate "2019.04.07"]
[EventType "swiss"]
[EventRounds "9"]
[EventCountry "MGL"]
[SourceTitle "playchess.com"]
[Source "ChessBase"]
[SourceQuality "1"]
[TimeControl "40/5400+30:1800+30"]

1. d4 d5 2. c4 c6 3. Nf3 Nf6 4. Nc3 e6 5. Bg5 Nbd7 6. e3 Qa5 7. Nd2 Bb4 8. Qc2 Ne4 9. Ndxe4 dxe4 10. Bh4 O-O 11. a3 e5 12. Rb1 Bxc3+ 13. Qxc3 Qxc3+ 14. bxc3 b6 15. Be2 f5 16. O-O h6 17. f3 exf3 18. Bxf3 e4 19. Be2 Nf6 20. h3 Be6 21. a4 g5 22. Bg3 Ne8 23. a5 Ng7 24. Be5 bxa5 25. Ra1 Rf7 26. Rxa5 Rd8 27. Rfa1 f4 28. exf4 gxf4 29. Rxa7 Rdd7 30. Ra8+ Kh7 31. Rf1 f3 32. gxf3 Bxh3 33. Rf2 Bf5 34. Ra6 e3 35. Rf1 Ne6 36. Rxc6 Ng5 37. Re1 Bg6 38. Rc8 Bf5 39. f4 Nh3+ 40. Kh2 Ra7 41. Rh8+ Kg6 42. Rg8+ Kh7 43. Rg3 Nf2 44. Reg1 Ne4 45. R3g2 Nf6 46. Bf3 Ne4 47. c5 h5 48. Re1 h4 49. Rxe3 Ng3 50. Re1 Bd3 51. d5 Bf5 52. c6 Ra3 53. d6 Rfa7 54. d7 Bxd7 55. cxd7 Rxd7 56. Bf6 Rd3 57. Bxh4 Rxf3 58. Rxg3 Rxf4 59. Kh3 Raa4 60. Bg5 Rf7 61. Re7 Rxe7 62. Bxe7 Rc4 63. Bb4 Kh6 64. Kg2 1-0

[Event "Asian Zonal 3.3 Women 2019"]
[Site "Ulaanbaatar"]
[Date "2019.04.08"]
[Round "2.15"]
[White "Tsogzolmaa, Nanjid"]
[Black "Enkhnasan, Namjiljav"]
[Result "1-0"]
[ECO "A00"]
[WhiteElo "1815"]
[BlackElo "1610"]
[Annotator "NA RC"]
[PlyCount "81"]
[EventDate "2019.04.07"]
[EventType "swiss"]
[EventRounds "9"]
[EventCountry "MGL"]
[SourceTitle "playchess.com"]
[Source "ChessBase"]
[SourceQuality "1"]
[TimeControl "40/5400+30:1800+30"]

1. d4 g6 2. Nf3 Bg7 3. Bg5 Nf6 4. Nbd2 d5 5. e3 a6 6. Be2 Nc6 7. O-O O-O 8. c4 e6 9. Rc1 Bd7 10. cxd5 exd5 11. Nb3 Qe8 12. Nc5 b5 13. Qc2 Bf5 14. Qb3 Na5 15. Qc3 Nc4 16. b3 Nd6 17. Qa5 c6 18. Ne5 Nfe4 19. Nxe4 Nxe4 20. Bf4 Bxe5 21. Bxe5 f6 22. Bc7 Bd7 23. Rfe1 Qe6 24. f3 Ng5 25. Bd3 Qf7 26. f4 Ne6 27. Bd6 Rfe8 28. f5 Nd8 29. fxg6 hxg6 30. Qd2 Qh7 31. e4 dxe4 32. Bxe4 Nf7 33. Bg3 Rac8 34. d5 cxd5 35. Rxc8 Bxc8 36. Bxd5 Rxe1+ 37. Qxe1 Qg7 38. Qe8+ Qf8 39. Bxf7+ Kg7 40. Qxf8+ Kxf8 41. Bxg6 1-0

[Event "Asian Zonal 3.3 Women 2019"]
[Site "Ulaanbaatar"]
[Date "2019.04.08"]
[Round "2.16"]
[White "Khongorzul, Davaakhuu"]
[Black "Unurzul, Davaakhuu"]
[Result "1-0"]
[ECO "A00"]
[WhiteElo "1568"]
[BlackElo "1378"]
[Annotator "NA RC"]
[PlyCount "79"]
[EventDate "2019.04.07"]
[EventType "swiss"]
[EventRounds "9"]
[EventCountry "MGL"]
[SourceTitle "playchess.com"]
[Source "ChessBase"]
[SourceQuality "1"]
[TimeControl "40/5400+30:1800+30"]

1. e4 e5 2. Nf3 Nc6 3. Bb5 a6 4. Ba4 Nf6 5. O-O Be7 6. Re1 b5 7. Bb3 d6 8. c3 Na5 9. Bc2 c5 10. d4 cxd4 11. cxd4 Nc6 12. a4 Bb7 13. Nc3 b4 14. Nd5 Nxd5 15. exd5 Nxd4 16. Nxd4 exd4 17. Qxd4 O-O 18. Qe4 f5 19. Qxe7 Qb6 20. Qe6+ Kh8 21. Bf4 Rad8 22. Bxf5 Bc8 23. Qe7 Bxf5 24. Be3 Qa5 25. Bd4 Rg8 26. Re2 Rd7 27. Qh4 Qxd5 28. Rae1 Qf7 29. Re7 Rxe7 30. Rxe7 Qg6 31. Rxg7 Qxg7 32. Bxg7+ Rxg7 33. Qd8+ Rg8 34. Qf6+ Rg7 35. Qxf5 Kg8 36. Qe6+ Kf8 37. Qxd6+ Kf7 38. Qxa6 Rg6 39. Qc4+ Kg7 40. Qxb4 1-0

[Event "Asian Zonal 3.3 Women 2019"]
[Site "Ulaanbaatar"]
[Date "2019.04.08"]
[Round "2.17"]
[White "Khanyl, Chuluuntuya"]
[Black "Margadgua, Erdenebayar"]
[Result "0-1"]
[ECO "A00"]
[WhiteElo "1375"]
[BlackElo "1585"]
[Annotator "NA RC"]
[PlyCount "66"]
[EventDate "2019.04.07"]
[EventType "swiss"]
[EventRounds "9"]
[EventCountry "MGL"]
[SourceTitle "playchess.com"]
[Source "ChessBase"]
[SourceQuality "1"]
[TimeControl "40/5400+30:1800+30"]

1. e4 c5 2. Nf3 d6 3. d4 cxd4 4. Nxd4 Nf6 5. Nc3 a6 6. Nb3 e5 7. Bg5 Be6 8. Be2 Be7 9. Bxf6 Bxf6 10. Bg4 O-O 11. O-O Nc6 12. Nd5 Bxd5 13. Qxd5 Qc7 14. c3 Ne7 15. Qd3 Rad8 16. Bf3 Bg5 17. Nd2 f5 18. exf5 d5 19. Qe2 Nxf5 20. Bg4 e4 21. Nb3 Bf4 22. g3 Be5 23. Bxf5 Rxf5 24. Nd4 Bxd4 25. cxd4 Qc4 26. Qd2 Rdf8 27. Rfc1 Qa4 28. Rf1 Rf3 29. b3 Qb5 30. Rac1 e3 31. Qc2 e2 32. Rfe1 Rxf2 33. a4 Rf1+ 0-1

[Event "Asian Zonal 3.3 Women 2019"]
[Site "Ulaanbaatar"]
[Date "2019.04.08"]
[Round "2.18"]
[White "Ng, Sau Wai"]
[Black "Urangoo, Kherlenzorig"]
[Result "0-1"]
[ECO "A00"]
[WhiteElo "1154"]
[BlackElo "1475"]
[Annotator "NA RC"]
[PlyCount "96"]
[EventDate "2019.04.07"]
[EventType "swiss"]
[EventRounds "9"]
[EventCountry "MGL"]
[SourceTitle "playchess.com"]
[Source "ChessBase"]
[SourceQuality "1"]
[TimeControl "40/5400+30:1800+30"]

1. Nf3 d5 2. g3 e6 3. Bg2 Nf6 4. O-O c5 5. b3 Nc6 6. Bb2 b6 7. d3 Bb7 8. Nbd2 Be7 9. Re1 O-O 10. e4 dxe4 11. Nxe4 Rc8 12. Qe2 Nxe4 13. dxe4 Qc7 14. Qc4 Rcd8 15. a3 Rd7 16. Qc3 Bf6 17. e5 Be7 18. Re2 Rfd8 19. Qe3 Rd1+ 20. Re1 R1d7 21. h4 Ba8 22. Ng5 h6 23. Nh3 Nd4 24. Rac1 Bxg2 25. Kxg2 Qc6+ 26. Qe4 Qxe4+ 27. Rxe4 Nc6 28. c4 Na5 29. Re3 Rd3 30. Rc3 Rxe3 31. Rxe3 Rd1 32. Nf4 g5 33. Nh5 Kf8 34. Nf6 Rd8 35. hxg5 hxg5 36. Bc1 Kg7 37. Rf3 Kg6 38. Ne4 Nc6 39. Bb2 Nd4 40. Bxd4 cxd4 41. g4 d3 42. b4 d2 43. Nxd2 Rxd2 44. Kg3 f6 45. exf6 Bxf6 46. c5 bxc5 47. bxc5 Rc2 48. Re3 Rxc5 0-1

[Event "Asian Zonal 3.3 Women 2019"]
[Site "Ulaanbaatar"]
[Date "2019.04.08"]
[Round "2.19"]
[White "Anujin, Bat-Amgalan"]
[Black "Lkhagvajed, Gantulga"]
[Result "1-0"]
[ECO "A00"]
[WhiteElo "1407"]
[BlackElo "1344"]
[Annotator "NA RC"]
[PlyCount "81"]
[EventDate "2019.04.07"]
[EventType "swiss"]
[EventRounds "9"]
[EventCountry "MGL"]
[SourceTitle "playchess.com"]
[Source "ChessBase"]
[SourceQuality "1"]
[TimeControl "40/5400+30:1800+30"]

1. d4 d5 2. Bf4 c6 3. e3 Nf6 4. Nd2 e6 5. Bd3 Nbd7 6. c3 Be7 7. Ngf3 O-O 8. Ne5 Nxe5 9. dxe5 Nd7 10. h4 f5 11. Nf3 Nc5 12. Bc2 Ne4 13. Bxe4 fxe4 14. Ng5 h6 15. Qg4 hxg5 16. hxg5 g6 17. Qh4 Kf7 18. Qh7+ Ke8 19. Qxg6+ Kd7 20. Rh7 b6 21. Qh6 Ba6 22. g6 Rg8 23. Bg5 Re8 24. Qh4 Rh8 25. Bxe7 Rxh7 26. gxh7 Qxe7 27. h8=Q Rxh8 28. Qxh8 Qe8 29. Qg7+ Qe7 30. Qxe7+ Kxe7 31. Kd2 Kf7 32. Rh1 Kg7 33. f4 Bc8 34. Ke2 Bd7 35. Kf2 Be8 36. g4 Bg6 37. Rd1 a5 38. a4 b5 39. b4 axb4 40. cxb4 bxa4 41. Ra1 1-0

[Event "Asian Zonal 3.3 Women 2019"]
[Site "Ulaanbaatar"]
[Date "2019.04.09"]
[Round "3.2"]
[White "Yanjinlkham, Bayarsaikhan"]
[Black "Mandukhai, Myagmarsuren"]
[Result "1/2-1/2"]
[ECO "A00"]
[WhiteElo "1951"]
[BlackElo "1902"]
[Annotator "NA RC"]
[PlyCount "96"]
[EventDate "2019.04.07"]
[EventType "swiss"]
[EventRounds "9"]
[EventCountry "MGL"]
[SourceTitle "playchess.com"]
[Source "ChessBase"]
[SourceQuality "1"]
[TimeControl "40/5400+30:1800+30"]

1. d4 d5 2. c4 c6 3. Nf3 Nf6 4. Nc3 e6 5. g3 Nbd7 6. Bg2 Be7 7. Nd2 O-O 8. O-O Qb6 9. e3 Rd8 10. b3 e5 11. cxd5 cxd5 12. Na4 Qa6 13. dxe5 Nxe5 14. Bb2 Nc6 15. Nf3 Bg4 16. h3 Bh5 17. a3 Rac8 18. Rc1 Ne4 19. b4 b6 20. g4 Bg6 21. Qb3 Nd6 22. Ba1 Bd3 23. Rfe1 Bc4 24. Qd1 b5 25. Nc3 Qxa3 26. Nxd5 Bxd5 27. Qxd5 Nxb4 28. Qe5 Bf6 29. Rxc8 Nxc8 30. Qc7 Nd5 31. Qc1 Qxc1 32. Rxc1 Ncb6 33. Nd4 a6 34. Rc6 Ra8 35. Rd6 Rd8 36. Rc6 a5 37. Rc5 b4 38. Rxa5 Nc3 39. Bxc3 bxc3 40. Rc5 Bxd4 41. exd4 Rxd4 42. Rxc3 g6 43. Bf3 Nc4 44. Kg2 Kg7 45. Be2 Nd6 46. Rd3 Rxd3 47. Bxd3 g5 48. Kg3 h6 1/2-1/2